[Event "Late-Titled-Tuesday-Blitz-April-30-2024"]
[Site "Chess.com"]
[Date "2024.04.30"]
[Round "7"]
[White "Yerkinio"]
[Black "Real_taiatai"]
[Result "1-0"]
[WhiteElo "2662"]
[BlackElo "2493"]
[TimeControl "180+1"]
[EndTime "15:13:47 PDT"]
[Termination "Yerkinio won by resignation"]

1. e4 e6 2. d4 d5 3. Nc3 Bb4 4. e5 Ne7 5. a3 Bxc3+ 6. bxc3 b6 7. Nh3 Ba6 8. Bxa6 Nxa6 9. Nf4 c5 10. Nh5 Kf8 11.
Bg5 Qc7 12. O-O Nf5 13. g4 Ne7 14. Qd2 Nb8 15. Nxg7 h6 16. Bxh6 Kg8 17. Qg5 Kh7 18. Ne8 Rg8 19. Nf6+ Kh8 20. Nxg8 1-0

[Event "Late-Titled-Tuesday-Blitz-April-30-2024"]
[Site "Chess.com"]
[Date "2024.04.30"]
[Round "7"]
[White "JonasEilenberg"]
[Black "Roedor"]
[Result "1-0"]
[WhiteElo "2565"]
[BlackElo "2375"]
[TimeControl "180+1"]
[EndTime "15:13:59 PDT"]
[Termination "JonasEilenberg won by resignation"]

1. d4 Nf6 2. c4 g6 3. Nc3 Bg7 4. Nf3 d5 5. Bg5 Ne4 6. Bf4 Nxc3 7. bxc3 dxc4 8. e3 b5 9. Qb1 c6 10. a4 Bf5 11. e4 Bd7 12. h4 O-O 13. h5 a5 14. Be2 Na6 15. Qc1 b4 16. Bh6 b3 17.
Bxg7 b2 18. Qxb2 Kxg7 19. Qd2 Rh8 20. Bxc4 Bg4 21. Qf4 f5 22. Qe5+ 1-0

[Event "Late-Titled-Tuesday-Blitz-April-30-2024"]
[Site "Chess.com"]
[Date "2024.04.30"]
[Round "7"]
[White "Moltini"]
[Black "GlavkonVVS"]
[Result "0-1"]
[WhiteElo "2491"]
[BlackElo "2694"]
[TimeControl "180+1"]
[EndTime "15:14:01 PDT"]
[Termination "GlavkonVVS won by resignation"]

1. d4 Nf6 2. c4 c5 3. d5 e6 4. Nc3 exd5 5. cxd5 d6 6. e4 g6 7. f4 Bg7 8. Bb5+ Nfd7 9. a4 O-O 10.
Nf3 a6 11. Be2 Re8 12. Nd2 Nf6 13. O-O Nbd7 14. a5 Rb8 15. Re1 b5 16. axb6 Nxb6 17.
Bf3 Qc7 18. h3 c4 19. Nf1 Nfd7 20. Be3 Nc5 21. Bd4 Bxd4+ 22. Qxd4 Nb3 23. Qf2 Nxa1 24. Rxa1 Nd7 25. Qh4 Rxb2 26. Ng3 Qd8 27. Qh6 Nc5 28. Re1 Nd3 29. Re2 Rb3 30. Nd1 Qf6 31. Ne3 Qxf4 32. Qxf4 Nxf4 33. Rc2 Rxe3 0-1

[Event "Late-Titled-Tuesday-Blitz-April-30-2024"]
[Site "Chess.com"]
[Date "2024.04.30"]
[Round "7"]
[White "NovakRatko"]
[Black "ACollins05"]
[Result "1-0"]
[WhiteElo "2409"]
[BlackElo "2562"]
[TimeControl "180+1"]
[EndTime "15:14:11 PDT"]
[Termination "NovakRatko won by checkmate"]

1. d4 b5 2. e4 a6 3. f3 Bb7 4.
Bf4 e6 5. c4 bxc4 6. Bxc4 d5 7.
exd5 Bxd5 8. Bxd5 Qxd5 9. Nc3 Bb4 10. Ne2 c5 11. Qa4+ Qd7 12. Qb3 Bxc3+ 13. bxc3 cxd4 14. Bxb8 dxc3 15. Rd1 Qc8 16. Qa4+ Kf8 17. Bd6+ Ne7 18. Qb4 Ra7 19. Qxc3 Qxc3+ 20. Nxc3 f6 21. Bc5 Ra8 22. Rd7 Re8 23. Ne4 h5 24. O-O g5 25. Rb1 Rh7 26. Nxf6 Rf7 27. Nxe8 Kxe8 28. Rxe7+ Rxe7 29. Bxe7 Kxe7 30. Rb6 g4 31. fxg4 hxg4 32. Rxa6 g3 33. hxg3 e5 34. Kf2 e4 35. Ke3 Kf7 36. Kxe4 Kg7 37.
Ke5 Kh7 38. Rf6 Kg7 39. a4 Kh7 40. Kf5 Kg7 41. a5 Kh7 42. Rg6 Kh8 43. Rg4 Kh7 44. Kf6 Kh8 45. Kf7 Kh7 46. Rh4# 1-0

[Event "Late-Titled-Tuesday-Blitz-April-30-2024"]
[Site "Chess.com"]
[Date "2024.04.30"]
[Round "7"]
[White "MuhittinBuker"]
[Black "ganzy"]
[Result "1-0"]
[WhiteElo "2183"]
[BlackElo "2274"]
[TimeControl "180+1"]
[EndTime "15:14:15 PDT"]
[Termination "MuhittinBuker won by resignation"]

1. d4 Nf6 2. c4 g6 3. Nc3 Bg7 4. e4 d6 5. Nf3 O-O 6. Be2 Nbd7 7.
O-O e5 8. Be3 c6 9. h3 a6 10.
dxe5 Nxe5 11. Nxe5 dxe5 12. Qc2 Qc7 13. c5 Be6 14.
Rfd1 Rad8 15. Na4 Nh5 16. Bxh5 gxh5 17. Qe2 f5 18. Bg5 Rxd1+ 19. Rxd1 h6 20. Bh4 f4 21. f3 Bxa2 22. Nb6 Rf7 23. Rd8+ Kh7 24. Rc8 Bf8 25.
Rxc7 Rxc7 26. b4 a5 1-0

[Event "Late-Titled-Tuesday-Blitz-April-30-2024"]
[Site "Chess.com"]
[Date "2024.04.30"]
[Round "7"]
[White "FMalexhdez"]
[Black "emeli_chess"]
[Result "0-1"]
[WhiteElo "2236"]
[BlackElo "2451"]
[TimeControl "180+1"]
[EndTime "15:14:21 PDT"]
[Termination "emeli_chess won by resignation"]

1. e4 c5 2. Nf3 d6 3. d4 cxd4 4. Nxd4 Nf6 5. Nc3 a6 6. h3 e6 7. g4 b5 8. Bg2 Bb7 9. a3 Qc7 10. O-O Nc6 11. Be3 Be7 12. g5 Nd7 13. f4 O-O 14. f5 Nxd4 15. Qxd4 exf5 16. exf5 Bxg2 17.
Kxg2 Rfe8 18. Nd5 Qxc2+ 19. Rf2 Qc5 20. Qe4 Bf8 21. Qxe8 Qxd5+ 0-1

[Event "Late-Titled-Tuesday-Blitz-April-30-2024"]
[Site "Chess.com"]
[Date "2024.04.30"]
[Round "7"]
[White "Romkachess"]
[Black "tgpgoat"]
[Result "0-1"]
[WhiteElo "2622"]
[BlackElo "2468"]
[TimeControl "180+1"]
[EndTime "15:14:22 PDT"]
[Termination "tgpgoat won by checkmate"]

1. e4 c5 2. Nf3 e6 3. d4 cxd4 4.
Nxd4 Nc6 5. Nc3 Qc7 6. Be3 a6 7. a3 Nf6 8. f3 b5 9. Qd2 Bb7 10. O-O-O b4 11. axb4 Bxb4 12. Nxc6 Bxc6 13. Bd4 e5 14.
Be3 d5 15. exd5 Nxd5 16. Bc4 Qa5 17. Kb1 Nxc3+ 18. bxc3 Bxc3 19. Qd6 Qa1# 0-1

[Event "Late-Titled-Tuesday-Blitz-April-30-2024"]
[Site "Chess.com"]
[Date "2024.04.30"]
[Round "7"]
[White "Blampman"]
[Black "Russian_berezka"]
[Result "0-1"]
[WhiteElo "2431"]
[BlackElo "2618"]
[TimeControl "180+1"]
[EndTime "15:14:22 PDT"]
[Termination "Russian_berezka won by resignation"]

1. d4 Nf6 2. c4 e6 3. Nc3 d5 4. Nf3 dxc4 5. e4 b5 6. e5 Nd5 7.
Nxb5 Nb6 8. Be2 Nc6 9. O-O Be7 10. Be3 O-O 11. Qc1 Rb8 12. Nc3 Bb7 13. Rd1 Nb4 14.
Nd2 Qd7 15. Nxc4 Nxc4 16. Bxc4 Bxg2 17. Kxg2 Qc6+ 18. f3 Qxc4 19. Ne4 Qe2+ 20. Nf2 Nc2 21. Re1 Nxe1+ 22. Qxe1 Rxb2 23. Qxe2 Rxe2 24. Bf4 Rb8 25.
Rc1 Rbb2 26. Bg3 h5 27. h4 g5 28. hxg5 Bxg5 29. Rxc7 h4 0-1

[Event "Late-Titled-Tuesday-Blitz-April-30-2024"]
[Site "Chess.com"]
[Date "2024.04.30"]
[Round "7"]
[White "Mackster23"]
[Black "1800_strength"]
[Result "1-0"]
[WhiteElo "2620"]
[BlackElo "2791"]
[TimeControl "180+1"]
[EndTime "15:14:34 PDT"]
[Termination "Mackster23 won by resignation"]

1. e4 e5 2. Nf3 Nf6 3. d4 Nxe4 4. Bd3 d5 5. Nxe5 Bd6 6. Nc3 Nxc3 7. bxc3 Nd7 8. Nxd7 Bxd7 9. O-O O-O 10. Qh5 f5 11. Re1 Qf6 12. Bg5 Qf7 13. Qf3 Rae8 14. Bf4 Rxe1+ 15.
Rxe1 Re8 16. Rxe8+ Qxe8 17. Bxd6 cxd6 18. Qxd5+ Qe6 19.
Bc4 Kf7 20. Qxf5+ 1-0

[Event "Late-Titled-Tuesday-Blitz-April-30-2024"]
[Site "Chess.com"]
[Date "2024.04.30"]
[Round "7"]
[White "vugarrasulov"]
[Black "XDPS"]
[Result "1-0"]
[WhiteElo "2969"]
[BlackElo "2831"]
[TimeControl "180+1"]
[EndTime "15:14:40 PDT"]
[Termination "vugarrasulov won by checkmate"]

1. d4 d5 2. c4 e6 3. Nc3 h6 4. e4 dxe4 5. Nxe4 Bb4+ 6. Nc3 e5 7. Qa4+ Nc6 8. d5 Bxc3+ 9. bxc3 Bd7 10. dxc6 Bxc6 11.
Qa5 Qf6 12. Qxc7 e4 13. Ne2 Ne7 14. Ba3 Nf5 15. O-O-O g5 16. Nd4 Bd7 17. Qxb7 Rc8 18. Qxe4+ Be6 19. Bd3 Ne7 20. Bxe7 Qxe7 21. Nxe6 Qa3+ 22.
Kd2 Qxa2+ 23. Ke1 Qa5 24. Qd4 Rg8 25. Ng7+ Kf8 26. Nf5 Rg6 27. Kf1 Rd8 28. Qh8+ Rg8 29.
Qxh6+ Ke8 30. Re1+ Kd7 31. Qd6+ Kc8 32. Ne7+ Kb7 33. Rb1+ Ka8 34. Qc6# 1-0

[Event "Late-Titled-Tuesday-Blitz-April-30-2024"]
[Site "Chess.com"]
[Date "2024.04.30"]
[Round "7"]
[White "reevecanada"]
[Black "rezamahdavi2008"]
[Result "0-1"]
[WhiteElo "2642"]
[BlackElo "2912"]
[TimeControl "180+1"]
[EndTime "15:14:50 PDT"]
[Termination "rezamahdavi2008 won by checkmate"]

1. e4 c5 2. Nf3 d6 3. d4 cxd4 4. Nxd4 Nf6 5. Nc3 a6 6. f3 e5 7. Nb3 Be6 8. Bg5 Nbd7 9. Qd2 Be7 10. O-O-O Rc8 11. Kb1 b5 12. g4 b4 13. Na4 Nxe4 14.
fxe4 Bxg5 15. Qxd6 Be7 16. Qxa6 Qc7 17. Bb5 O-O 18.
Rd2 Bg5 19. Rg2 Nf6 20. h4 Be3 21. g5 Nxe4 22. Re1 Nd2+ 23. Nxd2 Qxc2+ 24. Ka1 Bxd2 25. Bd3 Qc1+ 26. Rxc1 Rxc1+ 27. Bb1 Bf5 28. a3 b3 29. Nc3 Bxc3 30. bxc3 Rxb1# 0-1

[Event "Late-Titled-Tuesday-Blitz-April-30-2024"]
[Site "Chess.com"]
[Date "2024.04.30"]
[Round "7"]
[White "zano2023"]
[Black "RealPerangel"]
[Result "1-0"]
[WhiteElo "2161"]
[BlackElo "2729"]
[TimeControl "180+1"]
[EndTime "15:14:56 PDT"]
[Termination "zano2023 won on time"]

1. d4 c5 2. e3 Nf6 3. Nf3 g6 4. Nbd2 Bg7 5. Bd3 O-O 6. O-O d6 7. Qe2 Nc6 8. c3 e5 9. dxe5 dxe5 10. e4 Nd5 11. exd5 Qxd5 12. Be4 Qe6 13. Nc4 Ne7 14. Rd1 f5 15. Bc2 e4 16. Ng5 Qf6 17. Bb3 Kh8 18. Rd6 1-0

[Event "Late-Titled-Tuesday-Blitz-April-30-2024"]
[Site "Chess.com"]
[Date "2024.04.30"]
[Round "7"]
[White "xasid81"]
[Black "cristianserban1"]
[Result "1-0"]
[WhiteElo "2651"]
[BlackElo "2492"]
[TimeControl "180+1"]
[EndTime "15:15:02 PDT"]
[Termination "xasid81 won on time"]

1. e4 c6 2. d4 d5 3. exd5 cxd5 4. h3 Nc6 5. c3 Nf6 6. Nf3 Bf5 7.
Bf4 e6 8. Qb3 Qc8 9. Nbd2 Be7 10. Be2 O-O 11. O-O h6 12. Rfc1 Qd7 13. Bb5 a6 14.
Ne5 Qc8 15. Nxc6 bxc6 16. Bf1 c5 17. c4 cxd4 18. cxd5 Qd8 19. dxe6 Bxe6 20. Bc4 Nd5 21. Bg3 Qd7 22. Nf3 Nf6 23. Bxe6 fxe6 24. Re1 1-0

[Event "Late-Titled-Tuesday-Blitz-April-30-2024"]
[Site "Chess.com"]
[Date "2024.04.30"]
[Round "7"]
[White "TheAlienParty"]
[Black "Payyappat"]
[Result "0-1"]
[WhiteElo "2424"]
[BlackElo "2497"]
[TimeControl "180+1"]
[EndTime "15:15:04 PDT"]
[Termination "Payyappat won by checkmate"]

1. c4 c5 2. Nf3 Nc6 3. d4 Nf6 4.
dxc5 e6 5. a3 Bxc5 6. b4 Bb6 7.
c5 Bc7 8. Bb2 O-O 9. Nbd2 b6 10.
cxb6 Bxb6 11. e3 d5 12. Bd3 Qe7 13. O-O e5 14. b5 e4 15. bxc6 exd3 16. Qb3 Ba6 17.
Rac1 Rac8 18. Bxf6 Qxf6 19. Qxd5 Rfd8 20. Qe4 Qb2 21.
Qa4 Bb5 22. Rb1 Qxb1 23. Rxb1 Bxa4 24. Ne5 Rd5 25. Nec4 Rxc6 26. Rb4 Bc2 27. a4 g6 28. e4 Rdc5 29. Kf1 Rxc4 30. Nxc4 Rxc4 31. Rxc4 d2 32. Rxc2 d1=Q# 0-1

[Event "Late-Titled-Tuesday-Blitz-April-30-2024"]
[Site "Chess.com"]
[Date "2024.04.30"]
[Round "7"]
[White "ansko1999"]
[Black "burritus"]
[Result "1-0"]
[WhiteElo "2616"]
[BlackElo "2431"]
[TimeControl "180+1"]
[EndTime "15:15:05 PDT"]
[Termination "ansko1999 won by resignation"]

1. c4 e5 2. Nf3 Nc6 3. d4 exd4 4.
Nxd4 g6 5. g3 Bg7 6. Nxc6 bxc6 7.
Bg2 Ne7 8. Nc3 O-O 9. O-O d6 10. Bg5 Rb8 11. Qd2 c5 12. Nd5 f6 13. Be3 Be6 14. b3 Nf5 15. Bf4 g5 16. Be3 Re8 17. Rad1 Nxe3 18. Nxe3 f5 19. Bd5 Qf6 20. Bxe6+ Qxe6 21. Qd5 h6 22. Rfe1 f4 23. gxf4 gxf4 24. Qxe6+ Rxe6 25. Nd5 Bc3 26. Nxc3 1-0

[Event "Late-Titled-Tuesday-Blitz-April-30-2024"]
[Site "Chess.com"]
[Date "2024.04.30"]
[Round "7"]
[White "dosto07"]
[Black "HamedWafa4"]
[Result "0-1"]
[WhiteElo "2506"]
[BlackElo "2722"]
[TimeControl "180+1"]
[EndTime "15:15:09 PDT"]
[Termination "HamedWafa4 won by checkmate"]

1. e4 a6 2. d4 c6 3. Nc3 d5 4. Nf3 Bg4 5. Be2 e6 6. O-O Nd7 7. exd5 cxd5 8. Ne5 Nxe5 9. Bxg4 Nxg4 10. Qxg4 Nf6 11.
Qe2 Bd6 12. Bg5 O-O 13. Nd1 Rc8 14. Ne3 Qb6 15. Bxf6 gxf6 16. c3 f5 17. g3 Kh8 18.
Ng2 Rg8 19. Kh1 Rg4 20. f3 Rg7 21. f4 Rcg8 22. Nh4 Qd8 23. Rae1 b5 24. a4 bxa4 25. Qxa6 Rg4 26. Nf3 Bb8 27. Qxa4 Qf6 28. Qd7 h6 29.
Ra1 Qg6 30. Ne5 Bxe5 31. dxe5 Rxg3 32. Qa7 Rg2 33. Qe3 Rxh2+ 34. Kxh2 Qg2# 0-1

[Event "Late-Titled-Tuesday-Blitz-April-30-2024"]
[Site "Chess.com"]
[Date "2024.04.30"]
[Round "7"]
[White "Iskusnyh"]
[Black "Arystanner"]
[Result "0-1"]
[WhiteElo "2622"]
[BlackElo "2848"]
[TimeControl "180+1"]
[EndTime "15:15:15 PDT"]
[Termination "Arystanner won on time"]

1. d4 d5 2. c4 dxc4 3. e3 e6 4. Bxc4 Nf6 5. Nf3 c5 6. O-O a6 7.
Nc3 b5 8. Be2 Bb7 9. dxc5 Bxc5 10.
Qxd8+ Kxd8 11. Nd2 Ke7 12. Nb3 Bd6 13. f3 b4 14. Na4 Nbd7 15. e4 Bc6 16. e5 Bxe5 17. Na5 Bxa4 18. Be3 Rhc8 19. Rab1 Nd5 20. Bf2 Nf4 21.
Bd1 Bb5 22. Re1 Nd3 23. Re4 Nxf2 24. Kxf2 Nc5 25. Rh4 Nd3+ 26. Kg1 g5 27. Re4 f5 28.
Re2 Bd4+ 29. Kh1 Nf2+ 0-1

[Event "Late-Titled-Tuesday-Blitz-April-30-2024"]
[Site "Chess.com"]
[Date "2024.04.30"]
[Round "7"]
[White "Cambek64"]
[Black "Darkbluelord"]
[Result "1-0"]
[WhiteElo "2521"]
[BlackElo "2204"]
[TimeControl "180+1"]
[EndTime "15:15:15 PDT"]
[Termination "Cambek64 won by resignation"]

1. d4 c5 2. d5 d6 3. e4 Nf6 4. Nc3 g6 5. Bb5+ Bd7 6. a4 Bg7 7. Nf3 O-O 8. h3 Bxb5 9. axb5 Nbd7 10. O-O Nb6 11. Qd3 e6 12. Bf4 exd5 13. exd5 Nh5 14. Bg5 f6 15. Bd2 f5 16. b3 Qc7 17. Ra2 c4 18. bxc4 Qxc4 19. Rd1 Rfc8 20. Qxc4 Nxc4 21. Be1 a6 22. bxa6 bxa6 23. Ne2 a5 24. Ned4 Rc5 25.
Ne6 Rb5 26. Nxg7 Kxg7 27. Nd4 Rab8 28. Nxb5 Rxb5 29. Bc3+ Kf7 30. g3 Nf6 31. Bxf6 Kxf6 32. Rd4 Ke5 33. Rxc4 1-0

[Event "Late-Titled-Tuesday-Blitz-April-30-2024"]
[Site "Chess.com"]
[Date "2024.04.30"]
[Round "7"]
[White "LeninGuerra"]
[Black "Akhayan"]
[Result "1-0"]
[WhiteElo "2659"]
[BlackElo "2478"]
[TimeControl "180+1"]
[EndTime "15:15:20 PDT"]
[Termination "LeninGuerra won by resignation"]

1. e4 e5 2. Nf3 Nc6 3. Bb5 a6 4. Ba4 Nf6 5. Qe2 b5 6. Bb3 Be7 7. O-O O-O 8. Rd1 Bb7 9. c3 d5 10. d4 exd4 11. e5 Ne4 12. cxd4 Na5 13. Bc2 c5 14.
Nc3 cxd4 15. Nxe4 dxe4 16. Bxe4 Qb6 17. Bxb7 Nxb7 18. Nxd4 Rad8 19. Be3 Bc5 20. Nf5 g6 21. Nh6+ Kg7 22. Ng4 Bxe3 23. Qxe3 Qxe3 24. Nxe3 Rfe8 25.
f4 Nc5 26. Nd5 Ne6 27. g3 Rd7 28. Nf6 Rxd1+ 29. Rxd1 Rd8 30. Rxd8 Nxd8 31. Ne8+ Kf8 32. Nc7 Ke7 33. Nxa6 Ke6 34. Nc7+ Kf5 35. Nxb5 Ke4 36.
Kf2 Kd3 37. Nd6 1-0

[Event "Late-Titled-Tuesday-Blitz-April-30-2024"]
[Site "Chess.com"]
[Date "2024.04.30"]
[Round "7"]
[White "zverr1"]
[Black "AsaHoffmann"]
[Result "1-0"]
[WhiteElo "2478"]
[BlackElo "2327"]
[TimeControl "180+1"]
[EndTime "15:15:22 PDT"]
[Termination "zverr1 won by resignation"]

1. d4 Nf6 2. c4 c5 3. d5 e5 4.
Nc3 d6 5. g3 Be7 6. Bg2 O-O 7.
e4 Na6 8. Nge2 Ne8 9. O-O Bd7 10.
f4 Bf6 11. a3 Nec7 12. Qd3 Rb8 13. Nb5 Nxb5 14. cxb5 Nc7 15. a4 a6 16. b6 Ne8 17.
a5 Bb5 18. Qc2 Qe7 19. Rf2 Bxe2 20. Rxe2 exf4 21. gxf4 Bd4+ 22. Be3 Qf6 23. Bxd4 Qxd4+ 24. Kh1 Nf6 25. Ra4 Rbc8 26. Rxd4 cxd4 27. Qd2 Rfe8 28. Bf3 Nd7 29. Qxd4 Rc1+ 30. Kg2 Nc5 31. e5 Nb3 32. Qb4 Nc5 33. exd6 Rd8 34. d7 1-0

[Event "Late-Titled-Tuesday-Blitz-April-30-2024"]
[Site "Chess.com"]
[Date "2024.04.30"]
[Round "7"]
[White "Naoki"]
[Black "PapaieDudu"]
[Result "1-0"]
[WhiteElo "2598"]
[BlackElo "2378"]
[TimeControl "180+1"]
[EndTime "15:15:29 PDT"]
[Termination "Naoki won by checkmate"]

1. e4 c5 2. Nf3 d6 3. d4 cxd4 4. Nxd4 Nf6 5. Nc3 a6 6. Rg1 e6 7.
g4 b5 8. g5 Nfd7 9. h4 Bb7 10.
a3 Nc5 11. Bg2 Nbd7 12. f4 g6 13. Be3 h5 14. Qd2 Bg7 15. O-O-O O-O 16. f5 exf5 17.
exf5 Bxg2 18. Qxg2 Be5 19. Nc6 Qc7 20. Nd5 Qb7 21.
b4 Na4 22. Nce7+ Kh8 23. fxg6 Ndb6 24. gxf7 Nc4 25. Bd4 Bxd4 26. Rxd4 Qa7 27. Qf3 Rxf7 28. Qxf7 Qxd4 29. Ng6# 1-0

[Event "Late-Titled-Tuesday-Blitz-April-30-2024"]
[Site "Chess.com"]
[Date "2024.04.30"]
[Round "7"]
[White "Bykov_Egor"]
[Black "Pig-filth"]
[Result "1/2-1/2"]
[WhiteElo "2605"]
[BlackElo "2317"]
[TimeControl "180+1"]
[EndTime "15:15:33 PDT"]
[Termination "Game drawn by repetition"]

1. Nf3 Nf6 2. b3 g6 3. Bb2 Bg7 4. d4 d5 5. e3 O-O 6. c4 c5 7. dxc5 Qa5+ 8. Bc3 Qxc5 9. b4 Qd6 10. c5 Qd8 11.
Be2 Nc6 12. b5 Na5 13. Nbd2 Bf5 14. Qa4 b6 15. Nd4 Ne4 16. Nxe4 Bxe4 17. Bxa5 bxa5 18. O-O e5 19. Nf3 Bxf3 20. gxf3 e4 21. Rad1 Qg5+ 22. Kh1 Qh5 23. Kg2 Qg5+ 24. Kh1 Qh5 25. Kg2 Qg5+ 26. Kh1 1/2-1/2

[Event "Late-Titled-Tuesday-Blitz-April-30-2024"]
[Site "Chess.com"]
[Date "2024.04.30"]
[Round "7"]
[White "maximnovik"]
[Black "chess_sharparchitect"]
[Result "0-1"]
[WhiteElo "2477"]
[BlackElo "2274"]
[TimeControl "180+1"]
[EndTime "15:15:35 PDT"]
[Termination "chess_sharparchitect won by checkmate"]

1. e4 c5 2. Nf3 d6 3. c3 Nf6 4. h3 Nc6 5. Bd3 e5 6. O-O d5 7. exd5 Qxd5 8. Qe2 Be6 9. Re1 Nd7 10. Be4 Qd6 11. Na3 a6 12. Nc4 Bxc4 13. Qxc4 Be7 14. Bxc6 bxc6 15. d3 O-O 16. Be3 Rab8 17. b3 a5 18. Rad1 Nb6 19. Qa6 Nd5 20. Qc4 Rfe8 21. Nd2 Qg6 22. Bxc5 Bxc5 23. Qxc5 Nf4 24. Qxc6 Qxc6 25.
Ne4 Rbd8 26. Re3 f5 27. Ng3 Qxg2# 0-1

[Event "Late-Titled-Tuesday-Blitz-April-30-2024"]
[Site "Chess.com"]
[Date "2024.04.30"]
[Round "7"]
[White "DanielNaroditsky"]
[Black "platy3"]
[Result "1-0"]
[WhiteElo "3042"]
[BlackElo "2877"]
[TimeControl "180+1"]
[EndTime "15:15:38 PDT"]
[Termination "DanielNaroditsky won by resignation"]

1. e4 c5 2. c3 d5 3. exd5 Qxd5 4.
d4 Nf6 5. Nf3 Nc6 6. Be3 cxd4 7.
cxd4 Bg4 8. Nc3 Qa5 9. Bb5 e6 10. h3 Bh5 11. g4 Bg6 12. Ne5 Bb4 13. O-O Bxc3 14. Bxc6+ bxc6 15. bxc3 O-O 16. c4 c5 17.
dxc5 Rfd8 18. Nc6 Rxd1 19. Nxa5 Rd3 20. c6 Rc8 21. Rad1 h5 22. g5 Ne8 23. Rxd3 Bxd3 24.
Rd1 Be4 25. Bxa7 f6 26. gxf6 gxf6 27. Bb6 Bxc6 28. Nxc6 Rxc6 29. c5 Nc7 30. Rd6 1-0

[Event "Late-Titled-Tuesday-Blitz-April-30-2024"]
[Site "Chess.com"]
[Date "2024.04.30"]
[Round "7"]
[White "GM_dmitrij"]
[Black "BardArtem"]
[Result "1-0"]
[WhiteElo "2983"]
[BlackElo "2801"]
[TimeControl "180+1"]
[EndTime "15:15:38 PDT"]
[Termination "GM_dmitrij won by resignation"]

1. e4 c5 2. Nf3 d6 3. Bb5+ Nd7 4. c4 a6 5. Ba4 b5 6. cxb5 Nb6 7. bxa6+ Nxa4 8.
Qxa4+ Qd7 9. Qxd7+ Kxd7 10. d4 cxd4 11. Nxd4 Bxa6 12. Nc3 g6 13. Be3 Bg7 14. f3 Nf6 15.
Kd2 Rhb8 16. Rhb1 e5 17. Nc2 Ke6 18. Bg5 Ne8 19. Ne3 f5 20. Ned5 Bb7 21. a4 Bxd5 22.
Nxd5 Rb7 23. b4 Bf6 24. Be3 Bd8 25. a5 Ra6 26. Kd3 Nc7 27. Bb6 Nxd5 28. exd5+ Kd7 29. Bxd8 Kxd8 30. b5 Ra8 31. b6 1-0

[Event "Late-Titled-Tuesday-Blitz-April-30-2024"]
[Site "Chess.com"]
[Date "2024.04.30"]
[Round "7"]
[White "Shuvalov"]
[Black "TheoSlade"]
[Result "0-1"]
[WhiteElo "2607"]
[BlackElo "2450"]
[TimeControl "180+1"]
[EndTime "15:15:39 PDT"]
[Termination "TheoSlade won by resignation"]

1. d4 d5 2. c4 e6 3. Nf3 a6 4. cxd5 exd5 5. Nc3 c6 6. Qb3 Bd6 7. e4 dxe4 8. Ng5 Qe7 9. Bc4 Nh6 10. O-O b5 11. Be2 Bf5 12. Re1 O-O 13. Ngxe4 Bxe4 14. Bf3 Bxh2+ 15. Kf1 Bd3+ 16. Be2 Bxe2+ 17. Rxe2 Qh4 18. g3 Qh3+ 19. Ke1 Nd7 20. Be3 Rae8 21. Kd2 Nf5 22. Rh1 Nxe3 23. fxe3 Qxg3 24. Rhxh2 Rxe3 25. Rxe3 Qxh2+ 26. Re2 Qf4+ 27. Kd3 c5 28. Qd5 Qxd4+ 29. Qxd4 cxd4 30. Kxd4 h5 31. Re7 Rd8 32. Ke3 Kf8 33. Re4 Nf6 34. Rf4 Nd5+ 35. Nxd5 Rxd5 36. a4 bxa4 37. Rxa4 a5 38.
b4 axb4 39. Rxb4 g6 0-1

[Event "Late-Titled-Tuesday-Blitz-April-30-2024"]
[Site "Chess.com"]
[Date "2024.04.30"]
[Round "7"]
[White "FabianoCaruana"]
[Black "Jakhongir-Vakhidov"]
[Result "1-0"]
[WhiteElo "3086"]
[BlackElo "2748"]
[TimeControl "180+1"]
[EndTime "15:15:44 PDT"]
[Termination "FabianoCaruana won by resignation"]

1. c4 Nf6 2. Nc3 d6 3. d4 e5 4.
Nf3 e4 5. Ng5 Qe7 6. Qc2 Bf5 7. f3 Nc6 8. d5 Nb8 9. Ngxe4 Nxe4 10.
fxe4 Bg6 11. Qb3 b6 12. g3 Nd7 13. Bh3 a6 14. Be3 Bxe4 15. Nxe4 Qxe4 16. O-O Ne5 17. Rac1 Be7 18. Bf5 Nf3+ 19. Rxf3 Qe5 20. Qa4+ Kf8 21.
Qc2 g6 22. Be6 f5 23. Bf4 Qg7 24. e4 Bf6 25. exf5 g5 26. Be3 g4 27. Rf4 Bg5 28.
Rcf1 Qe5 29. Bd4 1-0

[Event "Late-Titled-Tuesday-Blitz-April-30-2024"]
[Site "Chess.com"]
[Date "2024.04.30"]
[Round "7"]
[White "lluiss"]
[Black "Balla_Tamas"]
[Result "1-0"]
[WhiteElo "2241"]
[BlackElo "2474"]
[TimeControl "180+1"]
[EndTime "15:15:44 PDT"]
[Termination "lluiss won by resignation"]

1. Nf3 c5 2. c4 Nc6 3. Nc3 g6 4. e3 Nf6 5. d4 cxd4 6. exd4 d5 7. cxd5 Nxd5 8. Qb3 Nxc3 9. Bc4 e6 10. bxc3 Bd7 11. Bg5 f6 12. Bxe6 fxg5 13. Bf7+ Ke7 14. O-O Bg7 15. Nxg5 Kf8 16. f4 h6 17. Be6 Be8 18.
Rae1 Ne7 19. Bc4 hxg5 20. fxg5+ Nf5 21. Qb4+ 1-0

[Event "Late-Titled-Tuesday-Blitz-April-30-2024"]
[Site "Chess.com"]
[Date "2024.04.30"]
[Round "7"]
[White "The_Straightforward_Rook"]
[Black "rionelG"]
[Result "0-1"]
[WhiteElo "2479"]
[BlackElo "2283"]
[TimeControl "180+1"]
[EndTime "15:15:44 PDT"]
[Termination "rionelG won by resignation"]

1. e4 c5 2. Nf3 d6 3. Bb5+ Nd7 4.
O-O Nf6 5. Re1 a6 6. Bf1 b5 7. c3 Bb7 8. d3 g6 9. a4 Bg7 10. Nbd2 O-O 11. h3 Bc6 12. d4 cxd4 13. Nxd4 Qb6 14.
Nxc6 Qxc6 15. axb5 axb5 16. Rxa8 Rxa8 17. Qb3 Rb8 18.
g3 Nc5 19. Qc2 b4 20. Bg2 bxc3 21. bxc3 Qa4 22. Qxa4 Nxa4 23. c4 Nd7 24. Nf3 Bc3 25. Rd1 Rb1 26. Bf1 Bb2 27. e5 Rxc1 28. exd6 Rxd1 29.
dxe7 Nf6 0-1

[Event "Late-Titled-Tuesday-Blitz-April-30-2024"]
[Site "Chess.com"]
[Date "2024.04.30"]
[Round "7"]
[White "A4RookA3"]
[Black "AlainBruxelles"]
[Result "1-0"]
[WhiteElo "2373"]
[BlackElo "2232"]
[TimeControl "180+1"]
[EndTime "15:15:45 PDT"]
[Termination "A4RookA3 won by resignation"]

1. d4 d5 2. Nc3 e6 3. e4 Bb4 4.
e5 c5 5. a3 Bxc3+ 6. bxc3 Qa5 7. Bd2 Qa4 8. Qg4 Kf8 9. c4 Nc6 10. dxc5 d4 11. Nf3 Nge7 12. Bd3 Ng6 13. Qe4 Bd7 14. h4 Rd8 15. h5 Nge7 16. h6 g6 17.
Bg5 Be8 18. Qf4 Qa5+ 19. Ke2 Qxc5 20. Bf6 Rg8 21. Ng5 Bd7 22. Bg7+ 1-0

[Event "Late-Titled-Tuesday-Blitz-April-30-2024"]
[Site "Chess.com"]
[Date "2024.04.30"]
[Round "7"]
[White "super_emi_26"]
[Black "Semyon_Khanin"]
[Result "1-0"]
[WhiteElo "2780"]
[BlackElo "2873"]
[TimeControl "180+1"]
[EndTime "15:15:46 PDT"]
[Termination "super_emi_26 won by resignation"]

1. b3 b6 2. Bb2 Bb7 3. e3 Nf6 4. Nf3 g6 5. Be2 Bg7 6. d4 O-O 7. O-O c5 8. c4 cxd4 9. Nxd4 Nc6 10.
Nc3 Nxd4 11. Qxd4 Ne4 12. Qd3 d5 13. cxd5 Nxc3 14. Bxc3 Qxd5 15. Qxd5 Bxd5 16. Bxg7 Kxg7 17. Rac1 Rac8 18. Rfd1 e6 19. f3 Bb7 20. e4 Kf6 21. Kf2 Ke7 22. Ke3 e5 23. g3 f5 24. exf5 gxf5 25.
f4 e4 26. g4 fxg4 27. Bxg4 Rxc1 28. Rxc1 Kd6 29. b4 Bd5 30. a3 h5 31. Rc8 Rf7 32. Bxh5 Rh7 33. Rd8+ Kc6 34. Be8+ Kc7 35. Rxd5 Rxh2 36. a4 Rh3+ 37. Kxe4 Rb3 38. b5 1-0